Map: Lost and Found LE

Players

jheffe

  • Race: Terran Terran
  • Spawn Location: 1:00

Silky - Winner!

  • Race: Zerg Zerg
  • Spawn Location: 7:00

Event: WCS Montreal 2018

VOD

Have the link to the VOD?

Description

Time

  • Played on: Sept. 7, 2018, 12:48 p.m.
  • Length: 15:58

All games in this series

Show
View Real Time Build Order
Export as new Build Order

jheffe Terran 

Build Orders: Reaper Expand, Bio Tank 

Get SALT Encoding   

  12  0:01  SCV  
  13  0:13  SCV  
  14  0:17  Supply Depot  
  14  0:25  SCV  
  15  0:38  SCV  
  15  0:40  Barracks  
  16  0:44  Refinery  
  16  0:50  SCV  
  17  1:02  SCV  
  18  1:15  SCV  
  19  1:29  Orbital Command, Reaper  
  20  1:39  Command Center  
  20  1:48  Supply Depot  
  20  1:55  SCV  
  20  2:01  Marine  
  21  2:07  SCV  
  23  2:09  Factory  
  23  2:12  Refinery  
  23  2:19  SCV  
  23  2:21  Barracks Reactor  
  24  2:31  SCV  
  25  2:43  SCV  
  26  2:52  Orbital Command  
  26  2:57  Starport  
  26  3:00  SCV  
  26  3:03  Hellion x2  
  31  3:07  Barracks Tech Lab  
  31  3:11  Supply Depot  
  31  3:13  SCV  
  32  3:20  SCV  
  32  3:24  Hellion x2  
  32  3:25  SCV  
  38  3:33  Barracks Tech Lab  
  38  3:35  SCV  
  38  3:39  Supply Depot  
  38  3:41  Viking  
  41  3:44  SCV  
  42  3:53  Marine  
  43  3:59  SCV  
  43  4:01  Hellion x2  
  43  4:02  Stimpack, SCV  
  48  4:11  SCV  
  49  4:17  SCV  
  49  4:20  Command Center  
  49  4:23  SCV  
  51  4:29  SCV  
  52  4:31  Supply Depot  
  52  4:35  SCV  
  53  4:38  Factory Reactor  
  53  4:40  Barracks  
  53  4:43  Barracks  
  53  4:44  SCV  
  54  4:47  SCV, Marine  
  54  4:51  Starport Reactor  
  56  4:53  Engineering Bay  
  56  4:56  Engineering Bay, SCV  
  57  5:00  SCV  
  57  5:05  Marine  
  59  5:08  SCV  
  59  5:11  Refinery  
  59  5:12  Refinery, SCV  
  61  5:20  Siege Tank, SCV  
  65  5:23  Marine  
  65  5:25  Terran Infantry Weapons Level 1, SCV, Terran Infantry Armor Level 1  
  67  5:32  SCV  
  67  5:33  Marine x2  
  71  5:37  SCV  
  71  5:39  Orbital Command, Marine x2  
  71  5:42  Medivac  
  75  5:43  Medivac  
  75  5:44  SCV  
  75  5:49  SCV  
  79  5:53  Siege Tank  
  79  5:57  SCV, Marine x2  
  83  6:00  Supply Depot  
  85  6:10  Orbital Command  
  85  6:13  SCV, Marine x3  
  85  6:14  Marine  
  85  6:15  Supply Depot  
  85  6:18  Supply Depot  
  90  6:24  Marine  
  80  6:31  Combat Shield, Marine x3  
  79  6:34  SCV x2  
  79  6:37  SCV, Barracks x2  
  82  6:42  Armory  
  82  6:43  Marine x2  
  82  6:46  SCV  
  85  6:48  Medivac x2  
  85  6:49  SCV x2  
  91  6:58  SCV  
  92  7:05  SCV  
  92  7:06  Marine x4  
  94  7:21  Siege Tank  
  95  7:28  Marine x3  
  95  7:29  Barracks Reactor, Marine x2, Medivac  
  97  7:32  Medivac  
  97  7:33  SCV x3  
  98  7:37  Terran Infantry Weapons Level 2  
  98  7:45  SCV x2  
  98  7:48  SCV  
  101  7:51  Refinery  
  101  7:52  Refinery  
  101  7:53  Barracks Reactor, Marine x2  
  101  7:54  Siege Tank  
  101  7:55  Terran Infantry Armor Level 2  
  101  7:57  SCV  
  101  7:58  SCV  
  108  7:59  Marine x3, Medivac  
  108  8:00  SCV  
  114  8:05  Supply Depot  
  114  8:10  SCV  
  111  8:14  SCV x2  
  101  8:21  Marine x3  
  101  8:25  SCV  
  101  8:26  SCV  
  104  8:27  SCV  
  104  8:32  Siege Tank  
  104  8:33  Marine x5  
  113  8:38  SCV x2  
  113  8:40  Marine x3  
  113  8:41  Marine  
  119  8:48  Medivac x2  
  121  8:49  SCV  
  121  8:50  SCV  
  125  8:55  Supply Depot  
  125  8:56  Supply Depot  
  125  8:57  Supply Depot  
  125  9:03  SCV x2  
  125  9:04  Marine x6  
  133  9:15  Supply Depot  
  133  9:17  Siege Tank, Marine x3, Command Center  
  133  9:23  Marine  
  129  9:33  Marine x3  
  129  9:37  Barracks, Command Center  
  129  9:38  Barracks  
  132  9:40  Barracks x2, Medivac  
  132  9:44  Marine x5  
  139  9:49  Siege Tank  
  142  9:54  Supply Depot, Marine  
  142  9:55  Supply Depot, Marine x3  
  142  9:57  Medivac  
  148  10:04  Marine x2  
  148  10:05  Marine x2  
  152  10:15  Ghost Academy  
  152  10:21  Siege Tank  
  152  10:24  Marine x4  
  152  10:25  Marine x5  
  159  10:30  Barracks Tech Lab x3  
  159  10:32  Terran Infantry Armor Level 3, Terran Infantry Weapons Level 3  
  159  10:37  Supply Depot  
  159  10:38  Supply Depot  
  158  10:43  Marauder  
  158  10:47  Marine x3  
  158  10:48  Marine x2  
  165  10:50  Marine x2  
  165  11:08  Planetary Fortress  
  165  11:16  Ghost x5  
  165  11:18  Widow Mine x2  
  179  11:20  Sensor Tower  
  179  11:26  Orbital Command, Command Center  
  137  11:46  SCV  
  137  11:47  SCV x2  
  140  11:49  Marine x3, Ghost x2  
  140  11:50  Ghost x2  
  140  12:02  SCV x3  
  140  12:04  Widow Mine x2  
  140  12:07  SCV  
  148  12:12  Marine x4  
  148  12:13  Marine, Medivac  
  148  12:14  SCV x3  
  148  12:29  SCV x3  
  146  12:34  Supply Depot  
  146  12:35  Supply Depot  
  146  12:36  Ghost x2  
  140  12:50  Supply Depot  
  137  12:53  Liberator  
  137  12:57  Marine  
  137  12:58  Marauder x2, Marine x3  
  132  13:02  SCV x3, Command Center  
  132  13:04  SCV  
  131  13:14  SCV x3  
  131  13:15  Ghost  
  131  13:16  SCV  
  133  13:26  SCV x2  
  122  13:33  Widow Mine  
  124  13:40  Ghost x3  
  122  13:41  SCV  
  122  13:42  SCV x3  
  126  13:53  SCV  
  126  13:54  SCV x2  
  129  14:04  Widow Mine x2  
  129  14:09  Marine, Ghost  
  136  14:12  SCV x2  
  113  14:25  Ghost x3  
  113  14:27  Widow Mine x2  
  113  14:28  Medivac x2  
  113  14:30  Command Center  
  127  14:32  SCV  
  127  14:35  Refinery  
  127  14:37  Marine x4  
  127  14:38  Marine x2  
  134  14:49  Marine x2  
  134  14:52  Refinery x2  
  136  14:53  Command Center  
  136  14:54  SCV  
  134  15:15  Unknown  
  134  15:16  Unknown  
  130  15:27  Marine x3  
  130  15:28  Marine x5  
  131  15:29  Marine x3  
Show
View Real Time Build Order
Export as new Build Order

Silky Zerg - Winner!

Build Orders: Hatch First, Brood Lord Corruptor 

Get SALT Encoding   

  12  0:00  Drone  
  13  0:12  Overlord  
  13  0:17  Drone  
  14  0:30  Drone x2  
  16  0:47  Hatchery  
  15  0:51  Drone  
  15  0:55  Drone  
  17  0:58  Drone  
  18  1:08  Extractor  
  17  1:14  Spawning Pool  
  17  1:16  Drone  
  17  1:19  Drone  
  18  1:28  Drone  
  19  1:38  Drone  
  20  1:49  Overlord  
  20  2:01  Zergling x4, Queen x2  
  22  2:08  Metabolic Boost  
  26  2:10  Drone x2  
  28  2:29  Hatchery  
  27  2:31  Drone  
  28  2:39  Queen  
  30  2:45  Overlord  
  30  2:46  Drone  
  30  2:49  Drone  
  32  2:53  Drone  
  33  3:00  Drone  
  33  3:01  Drone x2  
  36  3:09  Overlord, Drone x2  
  38  3:17  Queen  
  40  3:20  Drone x2  
  40  3:25  Zergling x4  
  44  3:28  Overlord  
  44  3:30  Zergling x2  
  45  3:38  Overlord  
  45  3:43  Zergling x2, Queen  
  45  3:44  Zergling x4  
  45  3:46  Drone  
  51  3:51  Drone x2  
  51  3:52  Drone x2  
  53  3:58  Lair  
  53  4:04  Drone x4  
  57  4:12  Baneling Nest  
  57  4:14  Queen  
  57  4:16  Drone x2  
  60  4:19  Drone  
  60  4:20  Drone  
  60  4:23  Extractor  
  61  4:24  Extractor  
  61  4:25  Overlord  
  61  4:29  Zergling x6  
  63  4:35  Overlord  
  63  4:39  Spore Crawler  
  63  4:41  Zergling x2  
  63  4:44  Drone x6  
  69  4:50  Drone  
  69  4:51  Drone x2  
  72  4:57  Centrifical Hooks  
  72  4:58  Spore Crawler  
  71  5:05  Zergling x6  
  71  5:06  Zergling x2  
  75  5:08  Evolution Chamber  
  75  5:09  Drone  
  75  5:10  Drone  
  75  5:13  Evolution Chamber  
  75  5:14  Drone x3  
  77  5:18  Drone  
  77  5:19  Spore Crawler  
  77  5:21  Overlord  
  78  5:23  Drone  
  79  5:29  Overlord  
  79  5:33  Drone x3  
  82  5:42  Overlord  
  82  5:44  Drone x3  
  82  5:46  Zerg Melee Weapons Level 1  
  85  5:53  Drone x5  
  85  5:54  Hatchery  
  85  5:57  Zerg Ground Armor Level 1  
  89  5:59  Extractor  
  89  6:01  Drone x3  
  89  6:03  Overseer  
  91  6:04  Zergling x2  
  91  6:05  Zergling x2  
  91  6:08  Drone x3  
  91  6:11  Overlord  
  95  6:15  Overlord  
  93  6:28  Drone  
  93  6:29  Hydralisk Den, Drone x3  
  93  6:30  Overlord x2  
  96  6:33  Hatchery, Zergling x2  
  96  6:34  Zergling x6  
  96  6:35  Extractor  
  96  6:37  Zergling x6  
  101  6:44  Pneumatized Carapace  
  101  6:49  Zergling x6  
  101  6:50  Zergling x4  
  106  6:54  Baneling  
  106  6:55  Baneling x13  
  106  6:56  Zergling x2  
  106  6:59  Zergling x8  
  110  7:06  Drone x2  
  110  7:07  Zergling x6  
  115  7:09  Baneling x3  
  101  7:27  Zergling x16  
  105  7:35  Muscular Augments  
  105  7:36  Hydralisk x2, Infestation Pit, Drone x2  
  105  7:37  Hydralisk x5, Drone x5  
  110  7:40  Zergling x2  
  110  7:41  Zergling x4  
  110  7:43  Zerg Melee Weapons Level 2  
  127  7:53  Zergling x12  
  127  7:57  Zergling x2  
  134  7:59  Overlord x2  
  134  8:05  Zerg Ground Armor Level 2  
  134  8:12  Hatchery  
  127  8:25  Hive, Queen  
  127  8:27  Drone, Queen  
  129  8:28  Drone x2  
  129  8:29  Drone x5  
  129  8:30  Extractor x2  
  129  8:32  Hatchery  
  136  8:34  Hydralisk  
  136  8:35  Zergling x2, Hydralisk x4  
  136  8:36  Zergling x4  
  149  8:42  Overlord x3  
  140  8:48  Zergling x2  
  140  8:49  Zergling x8  
  140  8:53  Zergling x4  
  140  8:54  Zergling x2  
  148  8:56  Zergling x2  
  148  8:59  Baneling x4, Overlord  
  149  9:06  Overlord  
  149  9:14  Overlord  
  149  9:24  Baneling x3  
  140  9:27  Zergling x8  
  140  9:28  Zergling x30  
  145  9:37  Viper  
  148  9:38  Viper  
  148  9:40  Adrenal Glands  
  148  9:41  Ultralisk Cavern  
  148  9:42  Zergling x2  
  148  9:43  Zergling x20  
  161  9:46  Zergling x4  
  161  9:47  Zergling x4  
  161  9:50  Zergling x2  
  161  9:51  Zergling x2  
  167  9:56  Overseer  
  167  10:02  Zerg Melee Weapons Level 3  
  167  10:03  Zergling x16  
  172  10:16  Baneling x9, Hydralisk x3  
  172  10:18  Overlord  
  172  10:19  Zergling x14  
  172  10:20  Zergling x2  
  183  10:24  Zerg Ground Armor Level 3  
  177  10:31  Spire  
  177  10:33  Zergling x16  
  177  10:34  Chitinous Plating, Zergling x12  
  187  10:52  Zergling x26  
  200  10:57  Baneling x3  
  200  10:58  Baneling x8  
  192  11:13  Hatchery  
  192  11:16  Baneling x9  
  191  11:20  Drone x6  
  191  11:21  Drone  
  198  11:32  Zergling x2  
  176  11:33  Zergling x38  
  174  11:42  Zergling x2  
  174  11:43  Zergling x10  
  174  11:45  Greater Spire  
  174  11:46  Spire  
  179  11:53  Zergling x14  
  185  11:56  Drone x4, Queen  
  183  12:13  Ultralisk x3  
  191  12:33  Spore Crawler x2  
  191  12:34  Spore Crawler, Extractor x2  
  191  12:35  Spore Crawler  
  181  12:38  Ultralisk x2  
  177  13:03  Zerg Flyer Armor Level 1, Zerg Flyer Weapons Level 1  
  177  13:04  Corruptor x7  
  173  13:21  Corruptor  
  173  13:22  Corruptor x3  
  157  13:30  Zergling x24  
  159  13:37  Zergling x16  
  159  13:38  Zergling x18  
  172  13:47  Overseer x2  
  172  13:55  Brood Lord x4  
  180  13:56  Brood Lord  
  182  14:05  Brood Lord  
  182  14:06  Queen x2  
  188  14:11  Brood Lord  
  190  14:25  Brood Lord x2  
  194  14:35  Spore Crawler x2  
  194  14:36  Spore Crawler  
  190  14:40  Drone  
  190  14:41  Drone  
  190  14:43  Brood Lord x2, Spore Crawler  
  195  14:53  Drone  
  195  14:54  Drone  
  195  14:55  Spore Crawler  
  195  14:56  Spore Crawler  
  195  15:08  Overseer  
  195  15:12  Infestor x2  
  195  15:13  Hatchery  
  190  15:23  Corruptor x2  
  190  15:24  Corruptor x3  
  190  15:27  Baneling x4  
  200  15:34  Overseer  
Tags
 
Add a new tag
Caveats
  • Supply blocks, unpowered buildings, or Contaminate may cause inaccurate times.
  • Supply counts are checked every 10 seconds.